 Dungeon Crawl Stone Soup version 0.31-a0-524-g2a164cf6a2 (webtiles) character file.

Game seed: 10195948865997990358

177 AdnanSaban the Shield-Bearer (level 5, -2/33 HPs)
             Began as a Gargoyle Fighter on Aug 12, 2023.
             Was an Initiate of Okawaru.
             Slain by a mummy (7 damage)
             ... in an ossuary.
             The game lasted 00:02:49 (2918 turns).

AdnanSaban the Shield-Bearer (Gargoyle Fighter)     Turns: 2918, Time: 00:02:50

Health: -2/33      AC: 15    Str: 21    XL:     5   Next: 57%
Magic:  5/5        EV:  9    Int:  9    God:    Okawaru [......]
Gold:   178        SH:  4    Dex:  9    Spells: 4/4 levels left

rFire   . . .        a - +0 flail
rCold   . . .        c - +0 buckler
rNeg    + . .        b - +0 scale mail
rPois   ∞            (no helmet)
rElec   +            (no cloak)
rCorr   .            o - +2 pair of gloves
SInv    .            t - +0 pair of boots
Will    .....        (no amulet) Stlth
                     (no ring)
HPRegen 0.25/turn    (no ring)
MPRegen 0.09/turn

%: no passive effects
@: marked
A: sickness immunity, AC +4, negative energy resistance 1, electricity
resistance, torment resistance 1, petrification resistance
a: Renounce Religion


You were in an ossuary.
You worshipped Okawaru.
Okawaru was noncommittal.
You visited 1 branch of the dungeon, and saw 4 of its levels.
You also visited: Ossuary.

You collected 178 gold pieces.

Inventory:

Hand Weapons
 a - a +0 flail (weapon)
Missiles
 q - 2 poisoned darts
Armour
 b - a +0 scale mail (worn)
 c - a +0 buckler (worn)
 o - a +2 pair of gloves (worn)
 t - a +0 pair of boots (worn)
Jewellery
 k - an amulet of magic regeneration
Wands
 n - a wand of roots (4)
Scrolls
 e - a scroll of torment {unknown}
 i - 5 scrolls of identify {unknown}
 j - a scroll of immolation {unknown}
 m - a scroll of fear {unknown}
 p - 2 scrolls of teleportation {unknown}
 s - a scroll of revelation {unknown}
Potions
 d - 3 potions of might
 f - a potion of brilliance {unknown}
 g - a potion of lignification {unknown}
 h - a potion of ambrosia {unknown}
 l - a potion of curing {unknown}
 r - a potion of haste {unknown}


   Skills:
 + Level 3.8 Fighting
 + Level 4.0 Maces & Flails
 + Level 4.0 Armour
 + Level 0.6 Dodging
 + Level 0.1 Stealth
 + Level 4.1 Shields


You had 4 spell levels left.
You didn't know any spells.
Your spell library contained the following spells:

 Spells                   Type           Power      Damage    Failure   Level
 Shock                    Conj/Air       0%         1d3       78%         1
 Sting                    Tmut/Pois      0%         1d3       78%         1
 Poisonous Vapours        Pois/Air       0%         N/A       89%         2
 Swiftness                Air            0%         N/A       98%         3
 Airstrike                Air            0%         2d(0-16)  100%        4
 Olgreb's Toxic Radiance  Pois           0%         N/A       100%        4


Dungeon Overview and Level Annotations

Branches:
Dungeon (4/15)            Ossuary (1/1)
 Temple: D:4-7

Altars:
Fedhas
Okawaru


Innate Abilities, Weirdness & Mutations

You are immune to sickness and miasma.
Your stone body is resilient. (AC +4)
You are immune to poison.
You resist negative energy. (rN+)
You are resistant to electric shocks. (rElec)
You are resistant to unholy torment.
You are immune to petrification.


Message History

Okawaru accepts your kill. The mummy hits you but does no damage.
Your Maces & Flails skill increases to level 4!
Unknown command.
You sock the goblin zombie!
You destroy the goblin zombie!
Okawaru accepts your kill. The mummy hits you.
Unknown command.
You are too injured to fight recklessly!
You barely miss the mummy. The mummy barely misses you.
You hit the mummy.
The mummy is lightly damaged.
You hit the mummy.
The mummy is moderately damaged.
You block the mummy's attack.
You hit the mummy but do no damage.
The mummy is moderately damaged.
The mummy hits you.
You sock the mummy!
The mummy is severely damaged.
The mummy hits you.
* * * LOW HITPOINT WARNING * * *
You sock the mummy!
You destroy the mummy!
Okawaru accepts your kill.
You hit the mummy.
The mummy is lightly damaged.
The mummy hits you.
* * * LOW HITPOINT WARNING * * *
You barely miss the mummy.
The mummy is lightly damaged.
The mummy closely misses you.
You hit the mummy but do no damage.
The mummy is lightly damaged.
Okay, then.
You hit the mummy but do no damage.
The mummy is lightly damaged.
The mummy hits you!
You die...

#...##############...#
#...# #...# #...#
#...# #...# #...#
#...####+.... #...#
#...#.....∩.# ##...#
#...#.......# .#...#
#...#.......# .#...#
#...#......Z####.#...#
#...#.....ZZZZM@.#...#
#...#.####.Z####.#...#
#...# #..# .#...#
#...# #..# .#...#
#...######^.######...#
#....................#
#........8..8........#
#....................#
#....................#


You could see a mummy, a jackal zombie, a hobgoblin zombie, 2 kobold zombies, an
orc zombie and a centaur zombie.

Vanquished Creatures
  A human zombie (Ossuary)
  An iguana (D:4)
  A mummy (Ossuary)
  An adder (D:2)
  3 worms
  A dart slug (D:1)
  2 orcs
  6 endoplasms
  4 giant cockroaches
  4 hobgoblins
  3 jackals (D:1)
  9 kobolds
  3 quokkas
  6 ball pythons
  11 bats
  3 frilled lizards
  5 goblins
  4 goblin zombies (Ossuary)
  11 hobgoblin zombies (Ossuary)
  A jackal zombie (Ossuary)
  10 kobold zombies
  4 orc zombies (Ossuary)
  2 rats
96 creatures vanquished.

Notes
Turn   | Place    | Note
-------+----------+-------------------------------------------
     0 | D:1      | AdnanSaban the Gargoyle Fighter began the quest for the
                  | Orb.
     0 | D:1      | Reached XP level 1. HP: 14/14 MP: 1/1
   185 | D:1      | Reached XP level 2. HP: 19/19 MP: 2/2
   297 | D:1      | Reached XP level 3. HP: 20/23 MP: 3/3
   849 | D:2      | Found a faded altar of an unknown god.
  1216 | D:2      | Reached XP level 4. HP: 29/29 MP: 4/4
  2296 | D:3      | Found an iron altar of Okawaru.
  2441 | D:3      | Became a worshipper of Warmaster Okawaru
  2598 | D:4      | Found a blossoming altar of Fedhas.
  2748 | D:4      | Found a sand-covered staircase.
  2761 | Ossuary  | Entered an ossuary
  2775 | Ossuary  | Reached XP level 5. HP: 33/33 MP: 5/5
  2918 | Ossuary  | Slain by a mummy

Illustrated notes

Levels and vault maps discovered:
D:1:      roderic_crop_circles_arrival_small, layout_loops_ring
D:2:      wander_river, layout_loops_cross, ebering_ecumenical_altar_petrified
D:3:      layout_rooms, mainiacjoe_overflow_surrounded_room,
          nicolae_hexahallways
D:4:      layout_basic, fedhas_altar_fruit_tree, enter_ossuary_3
Ossuary:  ossuary_tomb_1

Skill      XL: |  1  2  3  4  5 |
---------------+----------------+-----
Maces & Flails | 3 4 |  4.0
Shields        | 4 |  4.1
Armour         | 4 |  4.0
Fighting       | |  3.8
Dodging        | |  0.6
Stealth        | |  0.1

Action                     |  1- 3 |  4- 6 || total
---------------------------+-------+-------++-------
  Melee: Flail             |   176 |   161 ||   337
 Armour: Scale mail        |    79 |    79 ||   158
  Dodge: Dodged            |    85 |    70 ||   155
  Block: Buckler           |    33 |    36 ||    69

Table legend: (Time is in decaauts)
 A = Elapsed time spent in this place.
 B = Non-inter-level travel time spent in this place.
 C = Inter-level travel time spent in this place.
 D = Time resting spent in this place.
 E = Time spent auto-exploring this place.
 F = Levels seen in this place.
 G = Mean time per level.
                   A        B        C        D        E       F      G
               +--------+--------+--------+--------+--------+-----+--------+
         Total |   3039 |   2872 |    167 |      0 |   2127 |   5 |  607.8 |
       Dungeon |   2859 |   2692 |    167 |      0 |   2091 |   4 |  714.8 |
       Ossuary |    179 |    179 |      0 |      0 |     36 |   1 |  179.0 |
               +--------+--------+--------+--------+--------+-----+--------+

Top non-repeatable levels by time:
     D:3: 982 daAuts
     D:1: 890 daAuts
     D:2: 794 daAuts
     D:4: 192 daAuts
 Ossuary: 179 daAuts
